 Dungeon Crawl Stone Soup version 0.21-a0 (webtiles) character file.

113 Lexie the Magician (level 4, 0/27 HPs)
             Began as an Octopode Wizard on May 19, 2017.
             Succumbed to Robin's poison
             ... on level 3 of the Dungeon.
             The game lasted 00:04:09 (3079 turns).

Lexie the Magician (Octopode Wizard)                Turns: 3079, Time: 00:04:10

Health: 0/27       AC:  1    Str:  6    XL:     4   Next: 96%
Magic:  1/10       EV: 18    Int: 21    God:
Gold:   43         SH:  0    Dex: 15    Spells: 2/11 levels left

rFire    . . .     SeeInvis .   p - +0 dagger
rCold    . . .     Gourm    .   (no shield)
rNeg     . . .     Faith    .   a - +0 hat
rPois    .         Spirit   .   (no amulet)
rElec    .         Reflect  .   k - ring of loudness (curse)
rCorr    .         Harm     .   (no ring)
MR       .....                  (no ring)
Stlth    +++.......             (no ring)
Regen    0.1/turn               (no ring)
MPRegen  0.2/turn               (no ring)
                                (no ring)
                                (no ring)

@: agile, lethally poisoned (0 -> -9)
A: almost no armour, stealthy swim, amphibious, 8 rings, constrict 8, camouflage
1, gelatinous body 1
a: no special abilities


You were on level 3 of the Dungeon.
You were hungry.

You visited 1 branch of the dungeon, and saw 3 of its levels.

You collected 43 gold pieces.

Inventory:

Hand Weapons
 p - a +0 dagger (weapon)
Armour
 a - a +0 hat (worn)
Jewellery
 k - a cursed ring of loudness (left tentacle)
Scrolls
 d - 3 scrolls of teleportation {unknown}
 e - 5 scrolls of remove curse {unknown}
 f - 3 scrolls of blinking {unknown}
 g - 2 scrolls of amnesia {unknown}
 j - 2 scrolls of identify {unknown}
 q - a scroll of enchant weapon {unknown}
Potions
 h - a potion of agility
 i - 2 potions of curing {unknown}
 l - a potion of flight {unknown}
 n - a potion of ambrosia {unknown}
 o - a potion of lignification {unknown}
Books
 b - a book of Minor Magic

   Spells                             Type                      Level
   a - Magic Dart                     Conjuration                  1
   b - Blink                          Translocation                2
   c - Call Imp                       Summoning                    2
   d - Slow                           Hexes                        2
   e - Conjure Flame                  Conjuration/Fire             3
   f - Mephitic Cloud                 Conjuration/Poison/Air       3
Comestibles
 c - a bread ration
 m - 2 fruits


   Skills:
 - Level 2.0 Dodging
 - Level 2.6 Stealth
 + Level 4.2 Spellcasting
 + Level 3.2 Conjurations
   Level 1.0 Summonings
 - Level 1.0 Translocations


You had 2 spell levels left.
You knew the following spells:

 Your Spells              Type           Power        Failure   Level  Hunger
a - Magic Dart            Conj           ###.         3%          1    None
b - Blink                 Tloc           N/A          12%         2    #......
c - Conjure Flame         Conj/Fire      ##......     19%         3    ###....
d - Mephitic Cloud        Conj/Pois/Air  #.......     22%         3    ###....


Dungeon Overview and Level Annotations

Branches:
Dungeon (3/15)

Altars:
Okawaru
Yredelemnul

Annotations:
D:3 Ijyb, Robin


Innate Abilities, Weirdness & Mutations

You cannot wear most types of armour.
You are very stealthy in the water. (Stealth+)
You are amphibious.
You can wear up to eight rings at the same time.
You can use your tentacles to constrict eight enemies at once.
Your skin changes colour to match your surroundings (Stealth+).
Your rubbery body absorbs attacks. (AC +1, EV +1)


Message History

Press: ? - help, Shift-Dir - straight line, f/p - Robin
Aim: Robin, wielding a dagger of venom, wearing an animal skin and wearing a helmet (moderately wounded, confused)
The magic dart hits Robin.
Robin is heavily wounded.
* * * LOW HITPOINT WARNING * * *
You feel sick.
* * * LOW HITPOINT WARNING * * *
You feel sick.
* * * LOW HITPOINT WARNING * * *
You feel sick.
* * * LOW HITPOINT WARNING * * *
You feel sick.
* * * LOW HITPOINT WARNING * * *
You feel sick.
* * * LOW HITPOINT WARNING * * *
You feel sick.
There is a stone staircase leading up here.
It was a potion of agility.
You feel agile all of a sudden.
You die...

.#.#.# #...#.#.#.#.#'......
.#.#.#.#+...+#.#)#.#.#......
.#.#.#.#.#...#.#.#.#.....#+#.
.#.#.#.#.#.....#.#.#.#....#.#.
.#.#.#.#.#.#.#.#.#.#.#+....'...
.#.#.#.#.#.#.#.#'#.#.#.#....#...
.#.#.#.#.#.#.#.#...#.#.#.#.......
#.#.#.#.#.#.#.#+.).'#.#.#.####..#
..#.#.#.#.#.#.#@..#.#.#.#.# #...
. #.#.#.#.#.#.#+...+#.#.#.## #...
..+#.#.#.#.#.#.#...#.#.#.#.###...
..#.#.#.#.#.#.#.....#.#.#.#...o..
...#.#.#.#.#.#.#.#.#.#.#.#.####..
#.#.#.#.#.#.#.#.#.#.#.#.#.#......
..#.#.#.#.#.#.#.#.#.#.#.#.####..
#.#.#.#.#.#.#.#.#.#.#.#.## #o.
+#.#.#'#+#.#.#.#.#.#.#.#.# #..


There were no monsters in sight!

Vanquished Creatures
  4 adders
  An ooze (D:1)
  A dart slug (D:2)
  A worm (D:2)
  2 leopard geckos (D:1)
  An orc (D:3)
  A ball python (D:2)
  4 bats
  A giant cockroach (D:2)
  14 goblins
  6 hobgoblins
  6 jackals
  A quokka (D:2)
  3 frilled lizards (D:1)
  10 kobolds
  5 rats
61 creatures vanquished.

Notes
Turn   | Place    | Note
-------+----------+-------------------------------------------
     0 | D:1      | Lexie the Octopode Wizard began the quest for the Orb.
     0 | D:1      | Reached XP level 1. HP: 11/11 MP: 4/4
   326 | D:1      | Reached XP level 2. HP: 13/17 MP: 3/6
   934 | D:1      | Reached XP level 3. HP: 21/21 MP: 5/7
   939 | D:1      | Learned a level 2 spell: Blink
   943 | D:1      | Learned a level 3 spell: Conjure Flame
  1467 | D:2      | Found a basalt altar of Yredelemnul.
  1672 | D:2      | Reached XP level 4. HP: 27/27 MP: 4/9
  1677 | D:2      | Learned a level 3 spell: Mephitic Cloud
  2059 | D:2      | Found an iron altar of Okawaru.
  2276 | D:2      | Reached skill level 4 in Spellcasting
  2631 | D:3      | Noticed Ijyb
  2999 | D:3      | Noticed Robin
  3078 | D:3      | HP: 1/27 [poisoned by Robin]
  3079 | D:3      | Succumbed to Robin's poison

Vault maps used:
D:1:      scummos_arrival_forest
D:2:      old_standard_altar, overflow_temple_1_default
D:3:      lemuel_crystal_altar, first_bread, uniq_robin, uniq_ijyb

Skill      XL: |  1  2  3  4 |
---------------+-------------+-----
Conjurations   | 2 3 |  3.2
Spellcasting   | 4 |  4.2
Dodging        | |  2.0
Stealth        | |  2.6
Summonings     | |  1.0
Translocations | |  1.0

Action                   |  1- 3 |  4- 6 || total
-------------------------+-------+-------++-------
Melee: Unarmed           |     9 |       ||     9
       Constrict         |     3 |     2 ||     5
       Tentacles         |     2 |       ||     2
       Dagger            |       |     2 ||     2
 Cast: Magic Dart        |    57 |    85 ||   142
       Mephitic Cloud    |       |     4 ||     4
  Use: Potion            |       |     1 ||     1
  Eat: Chunk             |     2 |     4 ||     6
Armor: Skin              |     2 |     1 ||     3
Dodge: Dodged            |    17 |    10 ||    27
